[Event "SixDays Budapest January-IMB 2023"]
[Site "Budapest"]
[Date "2023.01.25"]
[Round "5.2"]
[White "La Barbera, Manfredi"]
[Black "Semprun Martinez, Fernando"]
[Result "0-1"]
[ECO "B34"]
[WhiteElo "1961"]
[BlackElo "2106"]
[Annotator "TA"]
[PlyCount "108"]
[EventDate "2023.01.23"]
[EventType "tourn"]
[EventCountry "HUN"]
[SourceTitle "playchess.com"]
[Source "ChessBase"]
[SourceQuality "1"]
[TimeControl "5400+30"]

1. e4 c5 2. Nf3 Nc6 3. Nc3 g6 4. d4 cxd4 5. Nxd4 Bg7 6. Be3 Nf6 7. Nxc6 bxc6 8. e5 Nd5 9. Nxd5 cxd5 10. Qxd5 Rb8 11. Bxa7 {[%emt 0:17:00] 11.0-0-0 is becoming the main line.} Rxb2 12. Bc4 {[%emt 0:06:43][%csl Gc4][%cal Rd5f7] B34: Sicilian: Accelerated Dragon with 5 Nc3: sidelines.} e6 {[%emt 0:02:11][%mdl 64] [#] Deflection} 13. Qd2 {[%emt 0:15:55] [#]} Qc7 $146 (13... Bxe5 $5 14. Bd4 Qf6 $15) ({Predecessor:} 13... Bxe5 14. O-O Rb7 15. Bd4 Bxd4 16. Qxd4 O-O 17. Rfb1 d5 18. Bf1 Qa5 19. a4 Rxb1 20. Rxb1 {1-0 Speck,N (2185)-Love,A (2230) AUS-ch Melbourne 1997 (9)}) 14. Bd4 {[%emt 0:04:05] The position is equal.} Rb8 15. Bb3 Bxe5 16. Rd1 (16. h4 $15) 16... O-O ({Better is} 16... Ba6 $17 17. Bxe5 Qxe5+ 18. Qe3 Qc7) 17. Bxe5 $15 Qxe5+ 18. Qe3 Qxe3+ 19. fxe3 d5 20. Kf2 Ba6 21. Kg3 Rfc8 22. Kf4 f6 {[%emt 0:10:17] Black is more active.} 23. Rhe1 e5+ 24. Kf3 Bc4 25. Bxc4 Rxc4 26. Rxd5 Rxc2 {[%emt 0:00:12][%mdl 4096] Endgame KRR-KRR} 27. Re2 {[%emt 0:01:43] [#]} e4+ $1 28. Kf2 $1 Rbb2 29. Rd8+ Kg7 30. Rd7+ Kh6 {[%emt 0:00:22] Black keeps a firm grip on the game.} 31. Rxc2 Rxc2+ {[%emt 0:00:05] KR-KR} 32. Kg3 $2 ({White should try} 32. Kf1 $1 $15) 32... Rxa2 $19 {[%emt 0:00:20] ...f5 is the strong threat.} 33. Rf7 f5 34. Rc7 Re2 35. Rc3 Kg5 {[%emt 0:00:33][%cal Oe2e3] ...Rxe3+! would be deadly.} 36. Ra3 h6 (36... Rxe3+ $142 37. Rxe3 f4+ 38. Kf2 fxe3+ 39. Kxe3 Kf5) 37. h4+ Kh5 {[%emt 0:01:07] aiming for ...Re1.} 38. Rb3 Rd2 (38... Re1 $142 39. Rc3 Rh1) 39. Rb1 Re2 (39... Ra2 $142 40. Kh3 Ra3) 40. Rb3 $1 Re1 41. Ra3 Rd1 42. Ra6 Rd3 43. Kf2 g5 $2 ({Stronger than} 43... Kxh4 44. Rxg6 Kh5 45. Rg8 $17) (43... Rb3 44. Ke2 Rb2+ 45. Kf1 Rb1+ 46. Kf2 Rh1) 44. Rf6 $2 (44. hxg5 hxg5 45. Ke2) 44... Kxh4 $2 ({Not} 44... gxh4 45. Rxf5+ Kg6 46. Rf4 $11) (44... Rd2+ 45. Kf1 Kxh4 46. Rxh6+ Kg4) 45. Rxf5 $2 (45. Rxh6+ $19 Kg4 46. Rh8) 45... Rd2+ 46. Kf1 Kg3 47. Re5 Rf2+ 48. Ke1 Rxg2 49. Rxe4 Kf3 50. Re6 h5 51. Kf1 Rf2+ (51... Rb2 $142 52. Rf6+ Kg3 53. Rf5 Kg4 54. Rf6 h4 55. Rh6 h3 56. Ke1 h2 57. Kd1 Kf3 58. Kc1 Ra2 59. Kb1 Re2 60. Kc1 g4 61. Kd1 Ra2 62. Kc1 Kg2 63. Rd6 h1=Q+ 64. Rd1 Rf2 65. Rxh1 Kxh1 66. Kd1 g3 67. Ke1 Ra2 68. Kf1 g2+ 69. Ke1 g1=Q#) 52. Kg1 Re2 {[%emt 0:01:34] Black mates.} 53. Rf6+ Kg3 ({Worse is} 53... Kxe3 54. Rf5 $17) 54. Kf1 Rxe3 {[%emt 0:00:26] Weighted Error Value: White=0.96/Black=0.64} 0-1

[Event "SixDays Budapest January-IMB 2023"]
[Site "Budapest"]
[Date "2023.01.25"]
[Round "5.3"]
[White "Gatineau, Yovann"]
[Black "Farkas, Gabor"]
[Result "1-0"]
[ECO "A45"]
[WhiteElo "2354"]
[BlackElo "2321"]
[Annotator "TA"]
[PlyCount "59"]
[EventDate "2023.01.23"]
[EventType "tourn"]
[EventCountry "HUN"]
[SourceTitle "playchess.com"]
[Source "ChessBase"]
[SourceQuality "1"]
[TimeControl "5400+30"]

1. d4 Nf6 2. Bf4 d6 3. Nc3 g6 4. e4 Bg7 5. Qd2 O-O 6. O-O-O a6 7. f3 b5 8. Bh6 b4 {[%emt 0:01:43] B07: Pirc Defence: Miscellaneous Systems.} 9. Nce2 {[%emt 0:00:25] And now h4 would win.} c5 $1 10. Bxg7 Kxg7 {[%emt 0:00:07] White is better.} 11. Kb1 {[%emt 0:00:43] [#]} (11. dxc5 $16 {aiming for e5.} Qa5 12. cxd6) 11... Qb6 $146 ({Predecessor:} 11... Qa5 12. Nc1 Nc6 13. d5 Na7 14. h4 h5 15. g4 hxg4 16. h5 Rh8 17. h6+ Kh7 18. fxg4 Bxg4 {1-0 Kauppila,O-Turunen,T Kajaani We KaSY op 1999 (1)}) 12. h4 {[%emt 0:05:11][%cal Oh4h5] Strongly threatening h5!} cxd4 {[%emt 0:02:31] Black is now going downhill.} ({Black should play} 12... h5 $14) 13. Nxd4 (13. Qxd4 Qxd4 14. Nxd4 h5 $11) (13. h5 $1 $16 ) 13... e5 (13... h5 $14) 14. Nb3 $16 Nc6 ({Better is} 14... a5) 15. h5 $1 {[%emt 0:00:48] Hoping for hxg6.} (15. Qxd6 $2 Rd8 $19) 15... Nxh5 16. Ne2 {[%emt 0:06:23][%cal Og2g4] g4! is the strong threat.} (16. Qxd6 $2 Rd8 $19) 16... Qf2 {[%emt 0:09:58] [#]} 17. Nbc1 $1 (17. Qxd6 $2 Rd8 18. Qxd8 Nxd8 19. Rxd8 Bb7 $19) 17... b3 (17... Rg8 $16) 18. axb3 $18 {[%emt 0:01:03] Nd3 would be deadly.} ({Don't do} 18. Nxb3 $6 Kg8 19. Qg5 (19. Qxd6 Rd8 $15) 19... f6 $18) 18... Be6 {[%emt 0:01:20] [#]} (18... Rg8 {was called for.} 19. Nd3 (19. Qxd6 Rd8 $16) 19... Qa7) 19. Nd3 $1 ({Weaker is} 19. Qxd6 Rfd8 20. Qxc6 Rac8 $17) 19... Qb6 (19... Qa7 20. g4 Nf6 21. Qh6+ Kh8) 20. g4 {[%emt 0:01:03][%cal Bg2g4,Bg4g5][%mdl 32] White is clearly winning.} Nf6 21. Qh6+ Kg8 22. g5 Nh5 {[%emt 0:00:55] [#]} 23. Ng3 $1 Rfc8 (23... Qc7 24. Nxh5) 24. Rxh5 Nd4 25. Qxh7+ Kf8 26. Qh8+ Ke7 27. Qf6+ Kd7 {[%emt 0:00:20] [#]} 28. Bh3 $1 gxh5 29. Qxf7+ Kc6 30. Bxe6 {[%emt 0:00:24] Ingenious play by Gatineau!   Weighted Error Value: White=0.17 (very precise) /Black=0.60} 1-0

[Event "SixDays Budapest January-IMB 2023"]
[Site "Budapest"]
[Date "2023.01.25"]
[Round "5.4"]
[White "Apol, Luitjen Akselsson"]
[Black "Jakab, Attila"]
[Result "1/2-1/2"]
[ECO "C06"]
[WhiteElo "2215"]
[BlackElo "2308"]
[Annotator "TA"]
[PlyCount "156"]
[EventDate "2023.01.23"]
[EventType "tourn"]
[EventCountry "HUN"]
[SourceTitle "playchess.com"]
[Source "ChessBase"]
[SourceQuality "1"]
[TimeControl "5400+30"]

1. e4 e6 2. d4 d5 3. Nd2 Nf6 4. e5 Nfd7 5. Bd3 c5 6. c3 Nc6 7. Ne2 cxd4 8. cxd4 f6 9. exf6 Nxf6 10. Nf3 Bd6 11. O-O Qc7 12. Bd2 O-O {[%emt 0:00:12] C06: French Tarrasch: 3...Nf6 4 e5 Nfd7 5 Bd3 main lines.} 13. Rc1 Bd7 14. Re1 Qb6 {[%emt 0:05:02] White is slightly better.} 15. Bf4 Bxf4 16. Nxf4 Qxb2 17. Rb1 Qxa2 {[%emt 0:00:22][%cal Of6e4] [#]} 18. Rxb7 $146 (18. Re2 Qa3 $11) ({Predecessor:} 18. Ng5 Nd8 19. Ra1 Qb2 20. Re2 Qc3 21. Re3 Qc7 22. Nh5 h6 23. Rg3 hxg5 24. Rxg5 Nxh5 25. Qxh5 {0-1 Warakomski,T (2502)-Swiercz,D (2456) Rubinstein Memorial 40th 2008 (6)}) 18... Rab8 19. Rxb8 Rxb8 20. Ne5 $1 Qb3 ({Black should try} 20... Qa5 $14) 21. Bc2 {[%emt 0:03:45] White is more active.} (21. Nxd7 $16 Nxd7 22. Qg4 (22. Nxe6 Qxd1 23. Rxd1 Rb4 $15)) 21... Qc3 (21... Qb7 $11) 22. Nxd7 $16 Nxd7 23. Nxe6 (23. Rxe6 $6 Nxd4 24. Bxh7+ Kxh7 $11) 23... Nf6 24. Re3 Qb2 25. h3 Re8 (25... Qb4 $142) 26. Ba4 $1 Qb7 27. Qc1 $36 {[%emt 0:12:41][%mdl 2048] White is in control.} Rc8 28. Rg3 (28. Rc3 $16 Ne7 29. Qg5) 28... Nh5 $2 (28... Nxd4 $1 $14 29. Rxg7+ Kh8) 29. Rc3 $18 Ne7 30. Nc5 $1 Qb6 31. Bd7 Ra8 32. Re3 Qf6 (32... Ng6 $142 33. Be6+ Kh8 34. Bxd5 Rc8) 33. Re6 Qf8 {[%emt 0:00:48] Black is weak on the light squares} 34. Qe3 Ng6 35. Bc6 $1 Rd8 36. Nb7 {[%emt 0:01:01][%mdl 64] Deflection} Rb8 37. Bxd5 Kh8 38. g3 {[%emt 0:03:14] Prevents Nhf4.} Nhf4 39. gxf4 Nxf4 40. Bc6 {[%emt 0:01:39] And now Re4 would win.} Nxe6 41. Qxe6 Qf4 42. d5 a5 43. Nxa5 h5 $2 (43... Qf3 44. Nb7 (44. Qe1 Qxh3 45. Qe4 Qh5 $18) 44... Ra8) 44. Qg6 (44. Qe3 $142 Qf5 45. Nb7) 44... Qc1+ (44... Rf8 {is a better chance.} 45. Qxh5+ Kg8) 45. Kh2 $2 (45. Kg2 $18 Rb1 46. Qxh5+ Kg8 47. Qe8+ (47. d6 Qg1+ 48. Kf3 Qd1+ {[%mdl 64] Skewer, Double Attack} 49. Kg2 Qxh5 50. d7 Qg5+ 51. Kf3 Qxa5 52. Be4 Qh5+ 53. Ke3 Qxh3+ 54. f3 Qh6+ 55. f4 Qb6+ 56. Kf3 Qb3+ 57. Kg4 Rg1+ 58. Kf5 Qb5+ 59. Ke6 Rd1 60. Ba8 Qxd7+ 61. Ke5 g6) 47... Kh7 48. Qh5+ Kg8 49. Qe8+ (49. d6 Qg1+ 50. Kf3 Qd1+ {[%mdl 64] Skewer, Double Attack} 51. Kg2 Qxh5 52. Nc4 Qg6+ 53. Kf3 Qf7+ 54. Kg2 Qxc4 55. Ba8 Rb2 56. d7 Qh4 57. d8=Q+ Qxd8 58. Kf3 Qd4 59. Kg3 Qxf2+ 60. Kg4 Rb4+) 49... Kh7 50. Qe4+ g6 51. Qe7+ Kg8 52. d6 Qf1+ 53. Kg3 Qd3+ 54. Bf3) 45... Qd2 $14 46. Qg3 (46. d6 $14 Qxa5 47. d7) 46... Rf8 $15 47. d6 {[%emt 0:01:04] aiming for Qe5.} Qxa5 {[%mdl 4096] Endgame KQR-KQB} 48. Be4 (48. d7 $15) 48... Qe1 (48... Qd2 $142 49. Kg2 Qd4) 49. Bf3 $17 {[%emt 0:00:33] [#]} g6 50. Kg2 $2 {[%emt 0:00:39] [#]} (50. d7 $11 {and White has nothing to worry.}) 50... Qe6 $1 $19 51. Bc6 Rf6 52. Bf3 Qxd6 53. Qxd6 Rxd6 {[%emt 0:00:05] KR-KB} 54. h4 $2 (54. Be4) 54... Kg7 55. Kg3 Kf6 {[%emt 0:00:04] Threatens to win with ...Ke5.} 56. Be4 g5 (56... Ke5 $19 57. f3 Rf6) 57. f3 $17 Re6 58. hxg5+ Kxg5 59. Kh3 Rd6 60. Kg3 h4+ 61. Kh3 Rd1 62. Bc6 Rc1 63. Bb7 Rg1 64. Bc6 ({Not} 64. f4+ $2 Kxf4 65. Bc8 (65. Kxh4 Rg7 66. Kh5 Rxb7 67. Kg6 Ke5 68. Kg5 Rg7+ 69. Kh6 Rg4 70. Kh5 Kf5 71. Kh6 Kf6 72. Kh7 Rh4+ 73. Kg8 Rh3 74. Kf8 Rh8#) 65... Rg3+ 66. Kh2 (66. Kxh4 Rg8 67. Kh5 Rxc8 68. Kg6 Rf8 69. Kg7 Rf5 70. Kh6 Rf6+ 71. Kh7 Kg5 72. Kg7 Rf1 73. Kh7 Kf6 74. Kg8 Kg6 75. Kh8 Rf8#) 66... Rc3 $19) 64... Kf4 65. Bb7 Rh1+ 66. Kg2 Rb1 67. Be4 Rb8 68. Kh3 Kg5 69. Bc6 Rc8 70. Be4 Rc1 $2 (70... Rh8 $17 71. Bb7 Kf4) 71. Kg2 $2 ({Only move:} 71. Bb7 $1 $11 Re1 72. Be4 (72. f4+ $2 Kxf4 73. Bc8 Rh1+ 74. Kg2 Rc1 $19)) 71... Ra1 72. Bc6 Kf4 73. Kh3 Rg1 $2 ({Better is} 73... Rh1+ $17 74. Kg2 Rb1) 74. Be4 $2 (74. Bb7 $1 $11 Kg5 75. Kh2 (75. f4+ $2 Kxf4 76. Bc8 Rg3+ 77. Kh2 Rd3 $19)) 74... Rg8 75. Bb7 Rg3+ (75... Rd8 $17 76. Bc6 Rg8) 76. Kxh4 $11 {[%emt 0:00:18] The position is equal.} Rg7 77. Be4 {[%emt 0:00:02] Repels Rh7+} Rh7+ {[%emt 0:00:05][%mdl 64] Deflection} 78. Bxh7 {[%emt 0:00:04] Be4 would kill now.} Kxf3 {[%emt 0:00:03] Never resign too early! An interesting game.   Weighted Error Value: White=0.44/Black=0.49} 1/2-1/2

[Event "SixDays Budapest January-IMB 2023"]
[Site "Budapest"]
[Date "2023.01.25"]
[Round "5.5"]
[White "To, Nhat Minh"]
[Black "Papp, Levente"]
[Result "1/2-1/2"]
[ECO "A05"]
[WhiteElo "2335"]
[BlackElo "2391"]
[Annotator "TA"]
[PlyCount "30"]
[EventDate "2023.01.23"]
[EventType "tourn"]
[EventCountry "HUN"]
[SourceTitle "playchess.com"]
[Source "ChessBase"]
[SourceQuality "1"]
[TimeControl "5400+30"]

1. Nf3 Nf6 2. g3 g6 3. Bg2 Bg7 4. O-O O-O 5. d4 d5 6. c3 c6 7. Bf4 Bf5 {[%emt 0:00:05] [#]} {Predecessor:} 8. Nbd2 $146 {D02: 1 d4 d5 2 Nf3 sidelines, including 2...Nf6 3 g3 and 2...Nf6 3 Bf4.} Nbd7 9. Nh4 Be6 10. Re1 a5 11. a4 Qb6 12. Qb3 Qxb3 13. Nxb3 Ne4 14. Nd2 Nxd2 15. Bxd2 Nb6 {1-0 Erigaisi,A (2660)-Nepomniachtchi,I (2773) Chess.com Rapid Wk5 Swiss 2022 (2)} 1/2-1/2

[Event "SixDays Budapest January-IMB 2023"]
[Site "Budapest"]
[Date "2023.01.26"]
[Round "6.1"]
[White "Daroczi, Donat"]
[Black "Papp, Levente"]
[Result "1/2-1/2"]
[ECO "C15"]
[WhiteElo "2148"]
[BlackElo "2391"]
[Annotator "TA"]
[PlyCount "50"]
[EventDate "2023.01.23"]
[EventType "tourn"]
[EventCountry "HUN"]
[SourceTitle "playchess.com"]
[Source "ChessBase"]
[SourceQuality "1"]
[TimeControl "5400+30"]

1. e4 e6 2. d4 d5 3. Nc3 Bb4 4. exd5 exd5 5. Bd3 Ne7 6. Nf3 Nbc6 {[%emt 0:01:53][%cal Bb8c6,Bc6d4,Bd4e6][%mdl 32] C01: French: Exchange Variation.} 7. O-O Bg4 8. h3 Bxf3 9. Qxf3 Nxd4 10. Qg4 Bxc3 11. bxc3 Ne6 {[%emt 0:00:04] [#]} 12. Ba3 $146 {[%emt 0:00:04] f4 is the strong threat.} (12. f4 $5 h5 13. Qe2 $14) ({Predecessor:} 12. f4 g6 13. Rb1 b6 14. Ba3 Qd7 15. Qh4 c6 16. f5 gxf5 17. Bxf5 Nxf5 18. Rxf5 {½-½ Hracek,Z (2618)-Boruchovsky,A (2558) Paleochora op 10th 2017 (7)}) 12... Qd7 13. f4 g6 14. f5 {[%emt 0:00:36] The position is equal.} Nxf5 15. Bxf5 gxf5 16. Qh4 Qd8 $1 17. Qb4 c6 18. Kh1 Qc7 19. Qh4 {[%emt 0:01:42][%cal Oh4f6] [#] Strongly threatening Qf6!} Qd8 {[%emt 0:01:07] Against Qf6} 20. Qb4 Qc7 21. Qh4 {[%emt 0:03:13][%cal Oh4f6] And now Qf6! would win.} Qd8 {[%emt 0:05:13] Wards off Qf6} 22. Qb4 Qc7 23. Qh4 {[%emt 0:00:08][%cal Oh4f6] [#] Qf6! would be deadly.} Qd8 {[%emt 0:00:23] Inhibits Qf6.} 24. Qb4 Qc7 25. Qh4 {[%emt 0:00:10][%cal Oh4f6] Black must now prevent Qf6!} Qd8 {[%emt 0:00:08] Wards off Qf6.   Weighted Error Value: White=0.02 (flawless) /Black=0.02 (flawless)} 1/2-1/2

[Event "SixDays Budapest January-IMB 2023"]
[Site "Budapest"]
[Date "2023.01.26"]
[Round "6.2"]
[White "Jakab, Attila"]
[Black "To, Nhat Minh"]
[Result "1/2-1/2"]
[ECO "A05"]
[WhiteElo "2308"]
[BlackElo "2335"]
[Annotator "TA"]
[PlyCount "37"]
[EventDate "2023.01.23"]
[EventType "tourn"]
[EventCountry "HUN"]
[SourceTitle "playchess.com"]
[Source "ChessBase"]
[SourceQuality "1"]
[TimeControl "5400+30"]

1. Nf3 Nf6 2. g3 g6 3. b3 Bg7 4. Bb2 b6 5. Bg2 Bb7 6. O-O c5 7. e3 O-O 8. c4 d6 9. Nc3 Nbd7 {[%emt 0:00:04] [#]} {Predecessor:} 10. d4 $146 {A30: Symmetrical English: Double Fianchetto and Hedgehog.} Ne4 11. Nxe4 Bxe4 12. Qe2 Nf6 13. Rfd1 Qc7 14. Rac1 Qb7 15. Ne1 Bxg2 16. Nxg2 a6 17. d5 b5 18. e4 bxc4 19. Rxc4 {0-1 Aravindh,C (2641)-Dubov,D (2710) Titled Tuesday intern op 23rd Mar blitz 2021 (5)} 1/2-1/2

[Event "SixDays Budapest January-IMB 2023"]
[Site "Budapest"]
[Date "2023.01.26"]
[Round "6.3"]
[White "Farkas, Gabor"]
[Black "Apol, Luitjen Akselsson"]
[Result "0-1"]
[ECO "E70"]
[WhiteElo "2321"]
[BlackElo "2215"]
[Annotator "TA"]
[PlyCount "76"]
[EventDate "2023.01.23"]
[EventType "tourn"]
[EventCountry "HUN"]
[SourceTitle "playchess.com"]
[Source "ChessBase"]
[SourceQuality "1"]
[TimeControl "5400+30"]

1. d4 Nf6 2. c4 g6 3. Nc3 Bg7 4. e4 d6 5. Nge2 Nbd7 6. Ng3 e5 7. d5 $1 {[%emt 0:00:06] E70: King's Indian: Miscellaneous lines with 4 e4, including 5 Nge2 and 5 Bd3 0-0 6 Nge2.} h5 {[%emt 0:01:03] 7...a5 is vanishing.} 8. Be2 h4 9. Nf1 {[%emt 0:00:09] White has an edge.} Nc5 10. f3 (10. Qc2 $14) 10... a5 11. Bg5 {[%emt 0:00:50] [#]} h3 $146 ({Predecessor:} 11... Bd7 12. Nd2 Bh6 13. Bxh6 Rxh6 14. Qc2 c6 15. O-O-O a4 16. Kb1 Qa5 17. a3 Ra6 {1-0 Tregubov,P (2602)-Jones,G (2624) Corsica Masters rap 15th rapid 2011 (1.3)}) 12. g4 Bf8 13. f4 (13. Be3 $11 {remains equal.}) 13... Be7 $1 $17 (13... Ncxe4 $2 14. Nxe4 Be7 15. Nxf6+ Bxf6 16. Qd2 $18) 14. Ng3 {[%emt 0:04:15] [#]} (14. fxe5 $142 Nfxe4 15. Qd4 dxe5 16. Bxe7 (16. Qxe5 $2 f6 $19) 16... Qxe7 17. Qe3 Nxc3 18. Qxc3) 14... exf4 $1 15. Bxf4 {[%emt 0:00:53] [#]} Nfd7 (15... Nxg4 $1 $17 16. O-O (16. Bxg4 Bxg4 17. Qc2 Bf3 $17) 16... Ne5) 16. e5 Nxe5 (16... dxe5 17. Be3 $11) 17. Nce4 Nxe4 18. Nxe4 Bh4+ 19. Ng3 Bg5 {[%emt 0:03:16] Black has more active pieces.} 20. O-O Bxf4 21. Rxf4 Qe7 22. Qd4 b6 23. Raf1 Bd7 24. b3 O-O-O 25. c5 $2 {[%emt 0:03:59] This costs White the game.} dxc5 $19 (25... bxc5 26. Qc3 Kb7 27. b4 $17 (27. Qxa5 $2 {perishes.} Ra8 $17)) 26. Qe4 Kb8 27. Ba6 {[%emt 0:04:03][%cal Od5d6] Black must now prevent d6!} Qg5 28. d6 c6 (28... Bxg4 $2 29. Qb7#) 29. Be2 Rhe8 30. Qa4 f5 {[%emt 0:01:36][%cal Bf7f5,Bf5g4][%mdl 32] Wards off Ne4} 31. a3 (31. R4f2 $142) 31... fxg4 32. Ne4 Nf3+ 33. Bxf3 Qxf4 34. Qc4 gxf3 {[%emt 0:01:20] Black mates.} 35. Qa6 f2+ ({Not} 35... Qxe4 36. Qxb6+ Ka8 37. Qa6+ Kb8 38. Qb6+ Ka8 39. Qa6+ Kb8 40. Qb6+ $11) 36. Rxf2 Qg4+ ({Inferior is} 36... Qxe4 37. Qxb6+ Ka8 38. Qa6+ Kb8 39. Qb6+ Ka8 40. Qa6+ Kb8 41. Qb6+ $11) 37. Ng3 Re1+ 38. Rf1 Qd4+ {[%emt 0:00:05] Weighted Error Value: White=0.69/Black=0.06 (flawless)} 0-1

[Event "SixDays Budapest January-IMB 2023"]
[Site "Budapest"]
[Date "2023.01.26"]
[Round "6.4"]
[White "Semprun Martinez, Fernando"]
[Black "Gatineau, Yovann"]
[Result "0-1"]
[ECO "C79"]
[WhiteElo "2106"]
[BlackElo "2354"]
[Annotator "TA"]
[PlyCount "71"]
[EventDate "2023.01.23"]
[EventType "tourn"]
[EventCountry "HUN"]
[SourceTitle "playchess.com"]
[Source "ChessBase"]
[SourceQuality "1"]
[TimeControl "5400+30"]

1. e4 e5 2. Nf3 Nc6 3. Bb5 a6 4. Ba4 Nf6 5. O-O d6 6. d4 b5 7. Bb3 Nxd4 {[%emt 0:00:13] is cutting edge theory.} 8. Nxd4 exd4 9. c3 {[%emt 0:00:02] C79: Ruy Lopez: Steinitz-type lines with 3...a6 4 Ba4 Nf6 5 0-0 d6.} dxc3 $1 (9... Nxe4 $2 10. Bd5 (10. cxd4 d5 $11) (10. f3 Nf6 $11) 10... Rb8 11. Bxe4 $18) 10. Nxc3 Be7 11. e5 {[%emt 0:13:19] Black is slightly better.} dxe5 12. Qf3 Bg4 13. Qg3 O-O $1 14. h3 Bh5 15. Qxe5 Bd6 16. Qg5 {[%emt 0:00:56] [#]} Bg6 $146 (16... h6 $142 17. Qh4 c5) ({Predecessor:} 16... h6 17. Qh4 g5 18. Bxg5 hxg5 19. Qxg5+ Kh7 20. Nd5 Nxd5 21. Qxh5+ Kg7 22. Bxd5 Rb8 {1-0 Tregubov,P (2537)-Tanenbaum,Z (2148) Titled Tuesday intern op 01st Feb-A blitz 2022 (6)}) 17. Rd1 b4 (17... c5 $17 {...c4 is the strong threat.} 18. Bd5 Ra7) 18. Nd5 $15 Nxd5 19. Qxd5 Qf6 20. Be3 (20. Qd4 $15 {should be considered.}) 20... Qxb2 $17 21. Bd4 Qe2 22. Bc5 Rad8 (22... a5 $17 {White must now prevent ...a4.} 23. Bxd6 cxd6 24. Qxd6 a4) 23. Bxd6 $1 $11 Rxd6 24. Qa5 (24. Qc5 $11 {remains equal.}) 24... Rf6 25. Rf1 Qe7 (25... Bf5 $5 26. Qxc7 Re8 $15) 26. Rfe1 (26. Rac1 $1 $11) 26... Qd6 $17 27. Rac1 {[%emt 0:01:34] [#]} Qb6 $1 28. Qc5 h6 29. Re7 Rd8 {[%emt 0:02:20] Strongly threatening ...Rd2.} 30. Rxc7 Qxc5 31. R1xc5 Rd2 32. f3 Bb1 $36 {[%emt 0:00:40][%mdl 2048] Black has good play.} 33. Ra5 Kh7 34. Rxf7 $2 {[%emt 0:01:38][%mdl 8192] [#]} (34. Bxf7 $11 Rb2 35. Rd7) 34... Rg6 $1 $19 35. g4 Rc6 36. Rd5 {Weighted Error Value: White=0.53/Black=0.13 (very precise)} 0-1

[Event "SixDays Budapest January-IMB 2023"]
[Site "Budapest"]
[Date "2023.01.26"]
[Round "6.5"]
[White "Urhegyi, Marton"]
[Black "La Barbera, Manfredi"]
[Result "1-0"]
[ECO "C01"]
[WhiteElo "2253"]
[BlackElo "1961"]
[Annotator "TA"]
[PlyCount "53"]
[EventDate "2023.01.23"]
[EventType "tourn"]
[EventCountry "HUN"]
[SourceTitle "playchess.com"]
[Source "ChessBase"]
[SourceQuality "1"]
[TimeControl "5400+30"]

1. e4 e6 2. d4 d5 3. exd5 exd5 4. Nf3 Nc6 5. Bd3 Nb4 6. Be2 {[%emt 0:02:39] C01: French: Exchange Variation.} Bf5 7. Na3 Nc6 8. O-O {[%emt 0:01:30] The position is equal.} Bxa3 9. bxa3 Nf6 10. Rb1 Rb8 11. Ne5 O-O {[%emt 0:23:06] [#]} 12. Nxc6 $146 ({Predecessor:} 12. Rb3 Re8 13. Bf4 Nxe5 14. Bxe5 Ne4 15. c4 dxc4 16. Bxc4 Rxe5 17. dxe5 Nd2 18. Rf3 {0-1 Seferjan,N (2275)-Castaneda,G (2375) Pripis Memorial 1997 (4)}) 12... bxc6 13. Rb3 Ne4 14. f3 Nd6 15. a4 Re8 16. Rf2 Qf6 17. Ba3 Qg6 18. Rc3 Bd7 19. Bf1 h6 20. Rb3 Nf5 21. Qd2 Rxb3 (21... Ra8 $11) 22. axb3 $16 Ne3 $2 {[%emt 0:00:50] [#] This costs Black the game.} (22... Qg5 $16 {was worth a try.}) 23. Bd3 $18 Bf5 (23... Qf6 {keeps fighting.} 24. Bc5 Nf5 25. Bxa7 g6) 24. Re2 Bxd3 25. cxd3 ({Weaker is} 25. Qxd3 Qxd3 26. cxd3 f5 $16) 25... Qf6 26. Rxe3 Qxd4 27. Bc1 {[%emt 0:01:26] Weighted Error Value: White=0.04 (flawless) /Black=0.26 (precise)} 1-0

[Event "SixDays Budapest January-IMB 2023"]
[Site "Budapest"]
[Date "2023.01.27"]
[Round "7.1"]
[White "La Barbera, Manfredi"]
[Black "Daroczi, Donat"]
[Result "1-0"]
[ECO "B56"]
[WhiteElo "1961"]
[BlackElo "2148"]
[Annotator "TA"]
[PlyCount "55"]
[EventDate "2023.01.23"]
[EventType "tourn"]
[EventCountry "HUN"]
[SourceTitle "playchess.com"]
[Source "ChessBase"]
[SourceQuality "1"]
[TimeControl "5400+30"]

1. e4 c5 2. Nf3 d6 3. d4 cxd4 4. Nxd4 Nf6 5. Nc3 Bd7 6. Be2 g6 {[%emt 0:00:36] B56: Classical Sicilian: Unusual Lines.} 7. Be3 Nc6 8. f3 Rc8 {[%emt 0:07:09] White is slightly better.} 9. Qd2 h5 10. h3 {[%emt 0:10:44] [#]} Bg7 $146 ({Predecessor:} 10... a6 11. a4 Bg7 12. Nb3 Ne5 13. a5 Nc4 14. Bxc4 Rxc4 15. Rd1 Qc8 16. Bd4 O-O {1-0 Prokop,J-Koubkova,A Klatovy op-B 1994}) 11. O-O-O h4 12. Kb1 Nh5 13. Nxc6 bxc6 14. Bd4 f6 15. Rhe1 {[%emt 0:10:23] White is more active.} ({But not} 15. Bxa7 Qa5 16. Bf2 Be6 $11) (15. Bc4 $16) 15... Be6 {[%emt 0:10:15] [#]} (15... Bh6 $1 $11 {remains equal.} 16. Be3 Bxe3 17. Qxe3 Qb6) 16. f4 $1 $36 {[%emt 0:09:53][%mdl 2048] Keeping Black busy.} ({Don't play} 16. Bxa7 Qa5 17. Bd4 Bh6 $11) 16... Qa5 17. Bg4 Bxg4 18. hxg4 Ng3 (18... Nxf4 $16 {might work better.} 19. Qxf4 e5) 19. Qd3 {[%emt 0:03:35][%cal Od4f6] Threatens to win with Bxf6!} c5 (19... Qc7 $142 20. e5 Kf7 21. exd6 exd6) 20. Bf2 (20. e5 $142 dxe5 21. Bf2) 20... Rb8 $2 (20... c4 21. Qd4 Kf7) 21. e5 {[%emt 0:01:50][%mdl 64] [#] Discovered Attack} Qb4 $2 (21... f5 22. Bxg3 hxg3 23. gxf5 gxf5) 22. b3 $18 {[%emt 0:00:45] White is clearly winning.} (22. exd6 $2 Qxb2#) 22... O-O 23. Nd5 Qb7 {[%emt 0:00:00] Black is weak on the light squares} 24. exf6 exf6 25. Ne7+ {[%emt 0:00:08][%mdl 64] Discovered Attack} Kh8 26. Nxg6+ Kg8 27. Ne7+ Kh8 28. Bxg3 {[%emt 0:00:31] Weighted Error Value: White=0.26 (precise) /Black=0.79} 1-0